 Dungeon Crawl Stone Soup version 0.23-a0-310-gdcc7a32 (webtiles) character file.

125911 namelastname112 the Lord of Darkness (level 16, -3/144 HPs)
             Began as a Green Draconian Skald on Oct 12, 2018.
             Was the Champion of Kikubaaqudgha.
             Slain by a ghost moth (4 damage)
             ... on level 3 of the Spider Nest.
             The game lasted 01:12:05 (26189 turns).

namelastname112 the Lord of Darkness (DrSk)        Turns: 26189, Time: 01:12:06

Health: -3/144     AC: 13    Str: 12 (13) XL:     16   Next: 42%
Magic:  0/31       EV: 26    Int: 15 (17) God:    Kikubaaqudgha [******]
Gold:   1003       SH:  0    Dex: 16 (17) Spells: 11/38 levels left

rFire    + . .     SeeInvis .   L - +4 scimitar (flame)
rCold    + . .     Gourm    .   (no shield)
rNeg     + . .     Faith    .   (armour unavailable)
rPois    +         Spirit   .   (helmet restricted)
rElec    .         Reflect  .   I - scarf {rC+ rF+}
rCorr    .         Harm     .   V - +2 pair of gloves
MR       +....                  u - +0 pair of boots
Stlth    +.........             n - amulet of regeneration
HPRegen  0.74/turn              a - ring of Isaegest {rPois rN+ Int+2}
MPRegen  0.22/turn              q - +5 ring of evasion

@: no status effects
A: breathe noxious fumes, unfitting armour, stinger 1, poison resistance,
cold-blooded, AC +9
a: Breathe Noxious Fumes, Receive Corpses, Torment, Renounce Religion


You were on level 3 of the Spider Nest.
You worshipped Kikubaaqudgha.
Kikubaaqudgha was exalted by your worship.
You were not hungry.

You visited 4 branches of the dungeon, and saw 26 of its levels.
You also visited: Bailey.

You collected 2185 gold pieces.
You spent 1182 gold pieces at shops.

Inventory:

Hand Weapons
 L - a +4 scimitar of flaming (weapon)
Armour
 u - a +0 pair of boots (worn)
 I - a scarf of resistance (worn)
 V - a +2 pair of gloves (worn)
 W - a +2 cloak of invisibility
Magical Staves
 i - an uncursed staff of death
Jewellery
 a - the ring of Isaegest (left hand) {rPois rN+ Int+2}
   (You found it on level 1 of the Orcish Mines)

   [ring of positive energy]

   It affects your intelligence (+2).
   It protects you from poison.
   It protects you from negative energy.
 n - an amulet of regeneration (around neck)
 q - a +5 ring of evasion (right hand)
 B - an uncursed ring of flight
 P - a +4 ring of intelligence
 Q - an uncursed ring of ice
 X - an uncursed amulet of rage {unknown}
Wands
 l - a wand of flame (84)
 o - a wand of enslavement (16)
 s - a wand of digging (1)
 x - a wand of scattershot (6)
 y - a wand of polymorph (44)
 C - a wand of random effects (40)
 O - a wand of disintegration (34)
 S - a wand of paralysis (21)
 U - a wand of acid (7)
Scrolls
 g - 8 scrolls of immolation
 j - 8 scrolls of enchant armour
 k - a scroll of magic mapping
 m - 19 scrolls of teleportation
 t - 10 scrolls of remove curse
 w - 3 scrolls of blinking
 F - 9 scrolls of enchant weapon
 G - 3 scrolls of silence
 H - 4 scrolls of amnesia
 M - 2 scrolls of fog
 T - 4 scrolls of identify
 Y - 2 scrolls of brand weapon
 Z - a scroll of torment
Potions
 b - a potion of agility
 d - 4 potions of might
 e - 6 potions of lignification
 h - 4 potions of haste
 p - 4 potions of resistance
 r - 3 potions of brilliance
 v - 2 potions of flight
 z - 3 potions of invisibility
 A - 3 potions of mutation
 D - 3 potions of cancellation
 E - 2 potions of berserk rage
 J - a potion of curing
 K - 2 potions of heal wounds
 N - a potion of ambrosia
 R - a potion of magic
Comestibles
 c - 18 rations


   Skills:
 - Level 13.3 Fighting
 - Level 12.4 Long Blades
 - Level 11.5 Dodging
 - Level 11.5 Spellcasting
 - Level 6.9 Charms
 + Level 15.3 Necromancy
 - Level 4.0 Ice Magic


You had 11 spell levels left.
You knew the following spells:

 Your Spells              Type           Power        Failure   Level  Hunger
a - Animate Skeleton      Necr           N/A          0%          1    None
b - Simulacrum            Ice/Necr       #####.....   24%         6    ######.
c - Animate Dead          Necr           N/A          1%          4    ###....
d - Regeneration          Chrm/Necr      #####.....   1%          3    None
f - Dispel Undead         Necr           ######..     1%          5    #####..
s - Excruciating Wounds   Chrm/Necr      #####.....   2%          5    #####..
x - Spectral Weapon       Hex/Chrm       ###.....     6%          3    None

Your spell library contained the following spells:

 Spells                   Type           Power        Failure   Level  Hunger
 Pain                     Necr           ####         0%          1    None
 Infusion                 Chrm           ####         1%          1    None
 Corpse Rot               Necr           N/A          1%          2    None
 Song of Slaying          Chrm           ####....     1%          2    None
 Sublimation of Blood     Necr           ######....   1%          2    None
 Vampiric Draining        Necr           ######....   1%          3    None
 Agony                    Necr           ######..     1%          5    #####..
 Shroud of Golubria       Chrm/Tloc      ###.......   3%          2    None
 Ensorcelled Hibernation  Hex/Ice        ##....       5%          2    None
 Corona                   Hex            #......      9%          1    None
 Flame Tongue             Conj/Fire      #....        9%          1    None
 Magic Dart               Conj           #...         9%          1    None
 Bolt of Draining         Conj/Necr      ####......   10%         5    #####..
 Blink                    Tloc           N/A          13%         2    None
 Call Imp                 Summ           #.......     13%         2    None
 Slow                     Hex            #.......     13%         2    None
 Throw Flame              Conj/Fire      #.....       13%         2    None
 Confuse                  Hex            #.......     26%         3    None
 Conjure Flame            Conj/Fire      #.......     26%         3    None
 Dazzling Spray           Conj/Hex       #.....       26%         3    None
 Inner Flame              Hex/Fire       #.......     26%         3    None
 Mephitic Cloud           Conj/Pois/Air  #.......     26%         3    None
 Tukima's Dance           Hex            #.......     26%         3    None
 Sticky Flame             Conj/Fire      #.......     63%         4    ###....
 Borgnjor's Revivificati  Necr           ######....   71%         8    #######
 Infestation              Necr           ######....   71%         8    #######
 Fireball                 Conj/Fire      #.........   93%         5    #####..
 Haunt                    Necr/Summ      ####......   97%         7    #######
 Death's Door             Chrm/Necr      #####.....   99%         8    #######
 Necromutation            Tmut/Necr      ####......   100%        8    #######


Dungeon Overview and Level Annotations

Branches:
Dungeon (15/15)            Temple (0/1) D:7            Lair (6/6) D:8
  Swamp (0/4) Lair:3       Spider (3/4) Lair:3        Slime (0/5) Lair:6
    Orc (2/2) D:12            Elf (0/3) Orc:2        Vaults (0/5) D:14
 Depths (0/5) D:15

Altars:
Ashenzari
Cheibriados
Elyvilon
Hepliaklqana
Kikubaaqudgha
Ru
Trog
The Shining One
Jiyva

Shops:
D:6 [*}?*   D:13 %   D:14 [   Orc:1 :   Orc:2 =!%*

Annotations:
D:11 2 exclusions
Lair:1 exclusion: oklob plant
Lair:4 exclusion: oklob plant
Lair:6 1 runed door


Innate Abilities, Weirdness & Mutations

You can breathe blasts of noxious fumes.
Your lurid green scales are hard. (AC +9)
You cannot fit into any form of body armour.
Your tail ends in a poisonous barb.
Your system is resistant to poisons. (rPois)
You are cold-blooded and may be slowed by cold attacks.


Message History

You take 3 damage, and have 34/144 hp.
You hit something but do no damage. Something hits you.
* * * LOW HITPOINT WARNING * * *
You feel dopey. Something closely misses you. x2
You take 3 damage, and have 31/144 hp.
You miss something.
You feel you are being watched by something.
You feel your power leaking away. Something closely misses you.
Something hits you!
* * * LOW HITPOINT WARNING * * *
Something stings you but does no damage.
You take 14 damage, and have 17/144 hp.
You now have 0/31 mp.
You hit something. You burn something.
You have got your breath back.
Something hits you!
* * * LOW HITPOINT WARNING * * *
Something hits you.
You die...
Kikubaaqudgha rasps: "You have failed me!
Welcome... death!"

#..##...Z#...###
#.>.#.####.....#
#...####.#####..##
#[. ##.## ##.# #.
##.####.###.. #
##.#.......
##..#..## #..ZZ..#
#..Z@.##
......Z{.?#
#......§...#
.....##.§....#
####. ##§.....# .#
###.....# . .#....
.#####


You could see 4 friendly jumping spider zombies.

Vanquished Creatures
  The ghost of tilp the Spear-Bearer, a journeyman MfIE of Makhleb (Orc:1)
  An entropy weaver (Spider:2)
  4 ogre magi
  Josephine (D:10)
  3 vault guards (D:14)
  8 hydras
  2 centaur warriors
  Erica (D:9)
  17 two-headed ogres
  5 death knights
  A catoblepas (D:15)
  2 orc high priests (Orc:2)
  A deep elf knight (Bailey)
  A fire crab (shapeshifter) (D:15)
  3 skeletal warriors
  A flayed ghost (D:15)
  An unseen horror (D:15)
  2 wizards (D:14)
  3 orb spiders
  3 orc knights
  3 necromancers
  10 deep elf magi
  An oklob plant (Lair:3)
  An orc sorcerer (Orc:1)
  14 ugly things
  7 wolf spiders
  A cyclops (D:15)
  A moth of wrath (Spider:2)
  3 manticores
  A fire giant skeleton (D:15)
  5 elephants (Lair:5)
  Joseph (D:10)
  Psyche (D:10)
  4 black mambas
  2 gargoyles
  12 spiny frogs
  2 kobold demonologists (D:11)
  2 freezing wraiths
  2 rime drakes
  A yaktaur zombie (D:15)
  A yaktaur (D:14)
  A yaktaur skeleton (D:15)
  9 komodo dragons
  A guardian mummy (D:15)
  4 demonic crawlers
  7 jumping spiders
  6 trolls
  2 hornets
  A polar bear (D:10)
  A tyrant leech (Lair:6)
  8 hippogriffs
  12 blink frogs
  4 dream sheep (Lair:6)
  Sigmund (D:3)
  2 shadows
  11 redbacks
  A spriggan (D:7)
  A water elemental (D:12)
  8 wraiths
  4 wyverns
  A yak (shapeshifter) (D:14)
  3 tarantellas
  Grum (D:10)
  A steam dragon (Lair:2)
  42 yaks
  3 basilisks
  14 humans (D:14)
  10 vampire mosquitoes
  3 hungry ghosts
  A redback simulacrum (D:9)
  5 wargs
  A swamp worm (Lair:3)
  An acid dragon (D:13)
  10 porcupines
  11 water moccasins
  5 ice beasts
  29 orc warriors
  6 sky beasts
  A black bear (D:7)
  3 eyes of draining
  5 phantoms
  25 ogres
  13 wolves
  3 boggarts (D:14)
  10 centaurs
  5 crocodiles
  3 big kobolds
  18 bullfrogs
  Blork the orc (D:6)
  A gnoll sergeant (D:6)
  A water moccasin skeleton (D:6)
  2 scorpions
  20 killer bees
  12 wights
  4 howler monkeys
  2 electric eels (D:12)
  6 crimson imps
  2 bullfrog zombies
  A quasit (D:15)
  3 centaur zombies
  11 hounds
  6 centaur skeletons
  19 orc priests
  6 jellies
  26 orc wizards
  2 iguanas
  Natasha (twice) (D:3)
  8 worker ants
  A hound zombie (D:8)
  Robin (D:4)
  6 gnolls
  A howler monkey skeleton (D:10)
  10 adders
  7 shadow imps
  An ooze (D:4)
  An adder zombie (D:8)
  6 worms
  A dart slug (D:3)
  3 leopard geckos
  76 orcs
  A ball python (D:3)
  3 giant cockroaches
  15 goblins
  5 hobgoblins
  6 jackals
  3 quokkas
  4 bats
  A frilled lizard (D:1)
  16 kobolds
  A leopard gecko skeleton (D:8)
  2 quokka skeletons
  3 rats
  A butterfly (D:7)
  A spectral weapon (D:11)
764 creatures vanquished.

Vanquished Creatures (collateral kills)
  An emperor scorpion (Spider:1)
  Louise (D:15)
  A stone giant (Orc:1)
  An entropy weaver (Spider:1)
  A spark wasp (Spider:2)
  2 ogre magi
  A hydra (Lair:6)
  6 two-headed ogres (Orc:2)
  3 orb spiders
  4 wolf spiders
  An ugly thing (D:15)
  An oklob plant (Lair:6)
  A black mamba (Lair:4)
  A centaur skeleton (D:11)
  A gargoyle (D:15)
  16 spiny frogs
  A rime drake (Lair:6)
  A kobold demonologist (D:15)
  A tengu conjurer (D:15)
  An efreet (D:15)
  3 demonic crawlers (Spider:1)
  A komodo dragon (Lair:6)
  A troll (Orc:2)
  2 tyrant leeches (Lair:6)
  10 jumping spiders
  A polar bear (Lair:6)
  A hornet (Spider:1)
  5 dream sheep (Lair:6)
  A hippogriff (Lair:6)
  11 blink frogs (Lair:6)
  A wraith (D:15)
  15 redbacks
  5 yaks
  5 tarantellas
  A water elemental (D:12)
  3 humans (D:14)
  3 vampire mosquitoes (Lair:6)
  A basilisk (D:15)
  A tengu zombie (D:15)
  2 swamp worms (Lair:3)
  A water moccasin (Lair:6)
  4 orc warriors
  3 porcupines
  A wolf (Lair:3)
  5 ogres
  2 centaurs
  4 crocodiles
  7 bullfrogs
  2 electric eels (Lair:6)
  2 crimson imps
  3 orc priests
  An iguana (D:9)
  6 orc wizards
  An adder (D:15)
  An adder skeleton (D:9)
  10 orcs
  A kobold (D:12)
  A fungus (Lair:6)
  26 plants (Lair:6)
200 creatures vanquished.

Vanquished Creatures (others)
  An orc wizard (D:15)
  An orc (D:15)
  2 fungi (Lair:6)
  16 plants (Lair:6)
  4 spectral weapons
  7 withered plants (D:15)
31 creatures vanquished.

Grand Total: 995 creatures vanquished

Notes
Turn   | Place    | Note
-------+----------+-------------------------------------------
     0 | D:1      | namelastname112 the Draconian Skald began the quest for the
                  | Orb.
     0 | D:1      | Reached XP level 1. HP: 17/17 MP: 3/3
   245 | D:1      | Reached XP level 2. HP: 25/25 MP: 5/5
   555 | D:2      | Noticed Robin
   765 | D:2      | Reached XP level 3. HP: 3/30 MP: 6/6
  1129 | D:2      | Reached XP level 4. HP: 3/38 MP: 3/7
  1502 | D:2      | Learned a level 3 spell: Spectral Weapon
  1661 | D:2      | Found a white marble altar of Elyvilon.
  1663 | D:2      | Found a sacrificial altar of Ru.
  1663 | D:2      | Found a glowing golden altar of the Shining One.
  1666 | D:2      | Found an ancient bone altar of Kikubaaqudgha.
  1667 | D:2      | Found a snail-covered altar of Cheibriados.
  1675 | D:2      | Became a worshipper of Kikubaaqudgha
  2083 | D:3      | Noticed Sigmund
  2349 | D:3      | Killed Sigmund
  2349 | D:3      | Reached skill level 1 in Necromancy
  2349 | D:3      | Reached XP level 5. HP: 41/45 MP: 2/9
  2349 | D:3      | Reached XP level 6. HP: 47/51 MP: 2/10
  2492 | D:3      | Noticed Natasha
  2505 | D:3      | Killed Natasha
  2553 | D:3      | Learned a level 3 spell: Regeneration
  2689 | D:3      | Found a shattered altar of Ashenzari.
  2743 | D:3      | Noticed Natasha
  2754 | D:3      | Killed Natasha
  2926 | D:4      | Killed Robin
  2992 | D:4      | Reached * piety under Kikubaaqudgha
  2992 | D:4      | Identified Kikubaaqudgha's Incunabulum of Evil
                  | (Kikubaaqudgha gifted it to you on level 4 of the Dungeon)
  2992 | D:4      | Received a gift from Kikubaaqudgha
  3289 | D:4      | Your scales start taking on a lurid green colour.
  3289 | D:4      | Reached XP level 7. HP: 45/59 MP: 7/12
  3289 | D:4      | Gained mutation: Your system is resistant to poisons.
                  | (rPois) [Green Draconian growth]
  3390 | D:4      | Reached skill level 2 in Necromancy
  3438 | D:5      | Entered Level 5 of the Dungeon
  4384 | D:6      | Found Isiz's Assorted Antiques.
  4518 | D:6      | Reached XP level 8. HP: 40/67 MP: 13/13
  4673 | D:6      | Found Ugeepit's Assorted Antiques.
  4679 | D:6      | Bought a scroll labeled ZAHACS TEGG for 27 gold pieces
  4679 | D:6      | Bought a lumpy emerald potion for 24 gold pieces
  4719 | D:6      | Reached skill level 3 in Necromancy
  4751 | D:6      | Found Ably's Magic Scroll Shop.
  4760 | D:6      | Bought a scroll of blinking for 90 gold pieces
  4760 | D:6      | Bought a scroll of teleportation for 36 gold pieces
  4780 | D:6      | Bought a scroll labeled GUATOUBU ELUW for 25 gold pieces
  4823 | D:6      | Noticed Blork the orc
  4838 | D:6      | Killed Blork the orc
  4852 | D:6      | Reached skill level 5 in Fighting
  4874 | D:6      | Found Gigip's Armour Emporium.
  4934 | D:6      | Reached ** piety under Kikubaaqudgha
  5260 | D:6      | Found Pedizea's Gadget Boutique.
  5332 | D:7      | You fall through a shaft for 2 floors!
  5353 | D:9      | Reached skill level 5 in Long Blades
  5353 | D:9      | Reached skill level 5 in Charms
  5401 | D:9      | Reached skill level 4 in Necromancy
  5446 | D:9      | Reached XP level 9. HP: 67/75 MP: 14/16
  5458 | D:9      | Reached skill level 5 in Dodging
  5592 | D:8      | Reached skill level 5 in Spellcasting
  5669 | D:8      | Found a flagged portal.
  5690 | Bailey   | Entered a bailey
  5697 | Bailey   | Noticed a deep elf mage
  5709 | Bailey   | Killed a deep elf mage
  5709 | Bailey   | Reached skill level 5 in Necromancy
  5724 | Bailey   | Noticed a deep elf mage
  5742 | Bailey   | Killed a deep elf mage
  5809 | Bailey   | Noticed a deep elf mage
  5813 | Bailey   | Noticed a deep elf mage
  5821 | Bailey   | Killed a deep elf mage
  5821 | Bailey   | Reached XP level 10. HP: 84/84 MP: 14/18
  5826 | Bailey   | Killed a deep elf mage
  5874 | Bailey   | Noticed a deep elf mage
  5886 | Bailey   | Noticed a deep elf mage
  5895 | Bailey   | Killed a deep elf mage
  5918 | Bailey   | Killed a deep elf mage
  5957 | Bailey   | Noticed a deep elf mage
  5964 | Bailey   | Killed a deep elf mage
  5964 | Bailey   | Reached skill level 6 in Necromancy
  5990 | Bailey   | Noticed a deep elf knight
  6004 | Bailey   | Killed a deep elf knight
  6084 | Bailey   | Noticed a deep elf mage
  6094 | Bailey   | Killed a deep elf mage
  6242 | D:8      | Reached *** piety under Kikubaaqudgha
  6242 | D:8      | Identified Kikubaaqudgha's Disquisition on Necromancy
                  | (Kikubaaqudgha gifted it to you on level 8 of the Dungeon)
  6242 | D:8      | Received a gift from Kikubaaqudgha
  6259 | D:8      | Learned a level 5 spell: Excruciating Wounds
  6275 | D:7      | Found a bloodstained altar of Trog.
  6402 | D:7      | Learned a level 4 spell: Animate Dead
  6438 | D:7      | Found a staircase to the Ecumenical Temple.
  6587 | D:7      | Found a hazy altar of Hepliaklqana.
  6929 | D:7      | Reached XP level 11. HP: 94/94 MP: 19/21
  7063 | D:8      | Found a staircase to the Lair.
  7149 | D:8      | Reached **** piety under Kikubaaqudgha
  7326 | D:8      | Reached skill level 7 in Necromancy
  7589 | D:9      | Noticed a two-headed ogre
  7609 | D:9      | Killed a two-headed ogre
  7782 | D:9      | Noticed Erica
  7838 | D:9      | Killed Erica
  8379 | D:10     | Entered Level 10 of the Dungeon
  8386 | D:10     | Learned a level 5 spell: Dispel Undead
  8447 | D:10     | Noticed Psyche
  8461 | D:10     | Killed Psyche
  8544 | D:10     | Reached skill level 8 in Necromancy
  8580 | D:10     | Noticed Joseph
  8587 | D:10     | Killed Joseph
  8802 | D:10     | Reached ***** piety under Kikubaaqudgha
  8861 | D:10     | Noticed Josephine
  8880 | D:10     | Killed Josephine
  9677 | D:10     | Noticed Grum
  9700 | D:10     | Killed Grum
  9815 | D:11     | Noticed a two-headed ogre
  9841 | D:11     | Killed a two-headed ogre
  9841 | D:11     | Reached skill level 9 in Necromancy
  9841 | D:11     | Reached XP level 12. HP: 95/104 MP: 19/23
 10343 | D:11     | Noticed a death knight
 10344 | D:11     | Noticed a death knight
 10382 | D:11     | Killed a death knight
 10388 | D:11     | Killed a death knight
 10417 | D:11     | Noticed a death knight
 10497 | D:11     | Killed a death knight
 10691 | D:11     | Noticed a death knight
 10694 | D:11     | Got a warped long sword
 11091 | D:11     | Identified the cursed +1 long sword of the Lesser Evil
                  | {venom, rF+ Str+5 Dex+2} (You found it on level 11 of the
                  | Dungeon)
 11452 | D:11     | Killed a death knight
 11669 | D:11     | Reached skill level 10 in Necromancy
 12286 | D:12     | Found a staircase to the Orcish Mines.
 12407 | D:12     | Reached skill level 10 in Fighting
 12535 | D:12     | Noticed an eight-headed hydra
 12549 | D:12     | Killed a one-headed hydra
 13314 | D:13     | Reached XP level 13. HP: 93/113 MP: 19/25
 13389 | D:13     | Reached ****** piety under Kikubaaqudgha
 13410 | D:13     | Reached skill level 11 in Necromancy
 13528 | D:13     | Found Guukh's Food Boutique.
 14250 | D:14     | Found a gate to the Vaults.
 14259 | D:14     | Reached skill level 10 in Long Blades
 14639 | D:14     | Found Symi's Armour Shop.
 14725 | D:14     | Reached skill level 12 in Necromancy
 15199 | D:14     | Learned a level 1 spell: Animate Skeleton
 15615 | D:15     | Entered Level 15 of the Dungeon
 15862 | D:15     | Gained mutation: Your tail ends in a poisonous barb. [Green
                  | Draconian growth]
 15862 | D:15     | Reached XP level 14. HP: 110/124 MP: 23/27
 16407 | D:15     | Reached skill level 10 in Dodging
 16475 | D:15     | Found a staircase to the Depths.
 16552 | D:15     | Noticed Louise
 16583 | D:15     | Killed Louise
 16583 | D:15     | Reached skill level 10 in Spellcasting
 16583 | D:15     | Reached skill level 13 in Necromancy
 17439 | Lair:1   | Entered Level 1 of the Lair of Beasts
 19066 | Lair:3   | Found a staircase to the Swamp.
 19170 | Lair:3   | Found a hole to the Spider Nest.
 20001 | Lair:4   | Found a sacrificial altar of Ru.
 20157 | Lair:4   | Reached XP level 15. HP: 89/133 MP: 29/29
 20577 | Lair:4   | Received a gift from Kikubaaqudgha
 20902 | Lair:5   | Learned a level 6 spell: Simulacrum
 21324 | Lair:6   | Entered Level 6 of the Lair of Beasts
 21345 | Lair:6   | Reached skill level 1 in Ice Magic
 21804 | Lair:6   | Found a runed door.
 21804 | Lair:6   | Found a viscous altar of Jiyva.
 21805 | Lair:6   | Found a staircase to the Slime Pits.
 22458 | Orc:1    | Entered Level 1 of the Orcish Mines
 22541 | Orc:2    | Entered Level 2 of the Orcish Mines
 22646 | Orc:2    | Found a staircase to the Elven Halls.
 22743 | Orc:2    | Reached skill level 14 in Necromancy
 22782 | Orc:2    | Paralysed by an ogre mage for 3 turns
 22918 | Orc:2    | Found a bloodstained altar of Trog.
 23297 | Orc:2    | Found Yna Tise's Food Boutique.
 23297 | Orc:2    | Found Teos's General Store.
 23298 | Orc:2    | Found Cug Yhoa's Jewellery Shoppe.
 23298 | Orc:2    | Found Cefragg's Distillery.
 23630 | Orc:1    | Found Woyqogoo's Book Emporium.
 23655 | Orc:1    | Bought a book of Death for 980 gold pieces
 23667 | Orc:1    | Noticed tilp's ghost (journeyman MfIE)
 23730 | Orc:1    | Reached XP level 16. HP: 80/143 MP: 22/31
 23731 | Orc:1    | Found a runed gate.
 23847 | Orc:1    | Found a runed gate.
 23847 | Orc:1    | Found a runed gate.
 23855 | Orc:1    | Killed tilp's ghost
 23877 | Orc:1    | Got a smoking ivory ring
 23881 | Orc:1    | Identified the ring of Isaegest {rPois rN+ Int+2} (You
                  | found it on level 1 of the Orcish Mines)
 24443 | Spider:1 | Entered Level 1 of the Spider Nest
 25814 | Spider:3 | Reached skill level 15 in Necromancy
 26189 | Spider:3 | HP: 1/144 [something (16)]
 26189 | Spider:3 | Slain by a ghost moth

Vault maps used:
D:1:      psy_arrival_terrarium
D:2:      minitemple, first_ration, uniq_robin
D:3:      evilmike_ruin_ashenzari, uniq_natasha, uniq_sigmund
D:5:      kennysheep_nub
D:6:      serial_shops, nicolae_shop_temple_entry_statues_fountains,
          nicolae_shop_overgrown_old_shop, shop_fountains,
          nicolae_shop_waterfront, shop, uniq_blork_the_orc
D:7:      overflow_temple_1_default, minmay_temple_entry_butterflies,
          the_bakery, bloody_trog
D:8:      grunt_lair_entry_orc_guard_hut, enter_bailey_3
D:9:      uniq_erica
D:10:     uniq_josephine, uniq_joseph, uniq_grum, uniq_psyche
D:11:     cheibrodos_tormentor_scu
D:12:     erik_orc_2, item_on_display_a
D:13:     serial_shops, shop
D:14:     kennysheep_room_grid, grunt_vaults_entry_tiered, serial_shops, shop,
          roderic_lattice_a
D:15:     gammafunk_depths_entry_grave, uniq_louise
Lair:1:   grunt_megastairs_2, minmay_lair_oklob_chamber, serial_bayou_shore_b
Lair:3:   minmay_swamp_entry_worms, spider_nest_entry_rubble,
          nicolae_lair_grove_arrangements, grunt_megastairs_1
Lair:4:   lemuel_oklob_altar
Lair:5:   serial_bayou_shore_b
Lair:6:   minmay_lair_end_frog_pond, slime_altar_2,
          hangedman_lair_unloving_vines
Orc:1:    serial_shops, shop, gammafunk_ghost_split
Orc:2:    st_orc_ogre_mass, basic_altar
Bailey:   bailey_polearm_3, bailey

Skill      XL: |  1  2  3  4  5  6  7  8  9 10 11 12 13 14 15 16 |
---------------+-------------------------------------------------+-----
Charms         | 3 4 5 6 |  6.9
Fighting       | 3 4 5 6 8 9 10 11 12 13 | 13.3
Long Blades    | 3 4 5 6 7 8 9 10 11 12 | 12.4
Dodging        | 3 4 5 6 7 8 9 10 11 | 11.5
Spellcasting   | 3 4 5 6 7 8 9 10 11 | 11.5
Necromancy     | 1 2 4 5 6 9 10 12 13 14 15 | 15.3
Ice Magic      | 4 |  4.0

Action                   |  1- 3 |  4- 6 |  7- 9 | 10-12 | 13-15 | 16-18 || total
-------------------------+-------+-------+-------+-------+-------+-------++-------
Melee: Falchion          |    97 |   154 |   240 |       |       |       ||   491
       Tailslap          |    11 |    33 |    66 |   120 |   293 |    60 ||   583
       Scimitar          |       |       |    46 |   689 |  1424 |   258 ||  2417
 Cast: Infusion          |     1 |       |       |       |       |       ||     1
       Spectral Weapon   |       |     4 |     9 |     8 |     3 |       ||    24
       Regeneration      |       |     1 |     4 |    31 |    53 |    12 ||   101
       Excruciating Woun |       |       |       |    13 |    10 |       ||    23
       Animate Dead      |       |       |       |    16 |    48 |    17 ||    81
       Dispel Undead     |       |       |       |     9 |    16 |     3 ||    28
       Animate Skeleton  |       |       |       |       |    32 |     1 ||    33
       Simulacrum        |       |       |       |       |     2 |     2 ||     4
Invok: Receive Corpses   |       |       |       |     1 |     4 |     4 ||     9
       Receive Necronomi |       |       |       |       |     1 |       ||     1
 Abil: Breathe Noxious F |       |       |     9 |    24 |    22 |     4 ||    59
Evoke: Wand              |       |       |       |     8 |     3 |     1 ||    12
  Use: Potion            |       |     2 |       |     2 |     1 |     4 ||     9
       Scroll            |       |       |    14 |     8 |    13 |       ||    35
 Stab: Sleeping          |       |     2 |       |     3 |     4 |     1 ||    10
       Confused          |       |       |    12 |    18 |    11 |     4 ||    45
       Distracted        |       |       |     1 |     2 |    13 |     5 ||    21
  Eat: Chunk             |     1 |     4 |     9 |    23 |    36 |     1 ||    74
       Ration            |       |     1 |     1 |     7 |     7 |     3 ||    19
Armor: Skin              |    21 |    42 |    43 |    99 |   231 |    83 ||   519
Dodge: Dodged            |    55 |   148 |   231 |   648 |  1414 |   398 ||  2894
       Rpst.: Falchion   |    13 |    49 |    74 |       |       |       ||   136
       Scimitar          |       |       |    11 |   178 |   367 |    79 ||   635

Table legend:
 A = Non-vault XP
 B = Vault XP
 C = Vault XP percentage of total XP
 D = Non-vault monster count
 E = Vault monster count
 F = Vault count percentage of total count
                 A         B        C        D         E       F
            +---------+---------+-------+---------+---------+-------
      Total |  116755 |   63118 |  35.1 |     709 |     227 |  24.3
            +---------+---------+-------+---------+---------+-------
        D:1 |      14 |       0 |   0.0 |       9 |       0 |   0.0
        D:2 |     121 |      24 |  16.6 |      12 |      12 |  50.0
        D:3 |     117 |     263 |  69.2 |      16 |       2 |  11.1
        D:4 |     241 |      15 |   5.9 |      12 |       1 |   7.7
        D:5 |     322 |       0 |   0.0 |      12 |       0 |   0.0
        D:6 |     973 |      91 |   8.6 |      21 |       1 |   4.5
        D:7 |    1188 |     215 |  15.3 |      32 |       1 |   3.0
        D:8 |    1338 |     473 |  26.1 |      37 |       7 |  15.9
        D:9 |    2910 |    1013 |  25.8 |      22 |       2 |   8.3
       D:10 |    2680 |    3178 |  54.3 |      44 |      11 |  20.0
       D:11 |    5630 |    3840 |  40.5 |      28 |       7 |  20.0
       D:12 |    7406 |     809 |   9.8 |      61 |      21 |  25.6
       D:13 |    3455 |       0 |   0.0 |      27 |       0 |   0.0
       D:14 |    5942 |   12848 |  68.4 |      24 |      37 |  60.7
       D:15 |   21280 |    4317 |  16.9 |      57 |       9 |  13.6
     Lair:1 |    3563 |     756 |  17.5 |      16 |       3 |  15.8
     Lair:2 |    3556 |       0 |   0.0 |      13 |       0 |   0.0
     Lair:3 |    6132 |     989 |  13.9 |      22 |       6 |  21.4
     Lair:4 |    4538 |       0 |   0.0 |      24 |       0 |   0.0
     Lair:5 |    6109 |       0 |   0.0 |      19 |       0 |   0.0
     Lair:6 |    7881 |    9323 |  54.2 |      40 |      53 |  57.0
   Spider:1 |    9618 |       0 |   0.0 |      40 |       0 |   0.0
   Spider:2 |    6173 |       0 |   0.0 |      14 |       0 |   0.0
   Spider:3 |    6985 |       0 |   0.0 |      26 |       0 |   0.0
      Orc:1 |    3571 |    2577 |  41.9 |      35 |       3 |   7.9
      Orc:2 |    5012 |   16986 |  77.2 |      46 |      42 |  47.7
     Bailey |       0 |    5401 | 100.0 |       0 |       9 | 100.0
            +---------+---------+-------+---------+---------+-------
